 Dungeon Crawl Stone Soup version 0.28.0-53-g5a82cb258f (webtiles) character file.

Game seed: 13357004420813580057

30 H0rd4k the Charlatan (level 3, 0/26 HPs)
             Began as a Human Artificer on Aug 11, 2022.
             Succumbed to an adder's poison
             ... on level 2 of the Dungeon.
             The game lasted 00:00:55 (1728 turns).

H0rd4k the Charlatan (Human Artificer)              Turns: 1728, Time: 00:00:56

Health: 0/26       AC:  3    Str: 12    XL:     3   Next: 35%
Magic:  3/3        EV: 11    Int: 13    God:
Gold:   34         SH:  0    Dex: 13    Spells: 2/2 levels left

rFire   . . .      SeeInvis +   a - +0 club
rCold   . . .      Faith    .   (no shield)
rNeg    . . .      Spirit   .   b - +0 leather armour
rPois   .          Reflect  .   (no helmet)
rElec   .          Harm     +   g - scarf {harm}
rCorr   .          Rampage  .   (no gloves)
Will    .....                   (no boots)
Stlth   +.........              (no amulet)
HPRegen 0.08/turn               f - ring of see invisible
MPRegen 0.08/turn               (no ring)

@: lethally poisoned (0 -> -3)
A: no striking features
a: no special abilities


You were on level 2 of the Dungeon.
You visited 1 branch of the dungeon, and saw 2 of its levels.

You collected 34 gold pieces.

Inventory:

Hand Weapons
 a - a +0 club (weapon)
Armour
 b - a +0 leather armour (worn)
 g - a scarf of harm (worn)
Jewellery
 f - a ring of see invisible (left hand)
Wands
 c - a wand of flame (12) (quivered)
 d - a wand of charming (15)
Scrolls
 j - a scroll of identify {unknown}
 k - a scroll of amnesia {unknown}
Potions
 h - a potion of might {unknown}
 i - a potion of heal wounds {unknown}
Miscellaneous
 e - a piece from Xom's chessboard (15/15)


   Skills:
 + Level 1.1 Fighting
 + Level 1.1 Maces & Flails
 + Level 2.4 Armour
 + Level 1.4 Dodging
 + Level 1.4 Stealth
 + Level 3.2 Evocations


You had 2 spell levels left.
You didn't know any spells.
Your spell library was empty.

Dungeon Overview and Level Annotations

Branches:
Dungeon (2/15)

Altars:


Message History

The rat bites you. The adder bites you.
You completely miss the adder.
The adder is moderately wounded.
The adder bites you.
You are poisoned.
The adder poisons you! The rat bites you. The adder completely misses you.
The rat bites you but does no damage.
You are too injured to fight recklessly!
You are too injured to fight recklessly!
You are too injured to fight recklessly!
You are too injured to fight recklessly!
You are too injured to fight recklessly!
You are too injured to fight recklessly!
You are too injured to fight recklessly!
You are too injured to fight recklessly!
You are too injured to fight recklessly!
* * * LOW HITPOINT WARNING * * *
You feel sick.
* * * LOW HITPOINT WARNING * * *
You feel sick. The adder bites you.
* * * LOW HITPOINT WARNING * * *
Aiming: Throw Flame
Press: ? - help, Shift-Dir - straight line, f - adder
Aim: an adder (moderately wounded, 53% to hit)
The puff of flame misses the adder.
The puff of flame hits the rat.
You kill the rat!
* * * LOW HITPOINT WARNING * * *
You feel sick. The adder bites you but does no damage.
Aiming: Throw Flame
Press: ? - help, Shift-Dir - straight line, f/p - adder
Aim: an adder (moderately wounded, 53% to hit)
The puff of flame hits the adder.
The adder is severely wounded.
* * * LOW HITPOINT WARNING * * *
You feel sick. The adder barely misses you.
Aiming: Throw Flame
Press: ? - help, Shift-Dir - straight line, f/p - adder
Aim: an adder (severely wounded, 53% to hit)
The puff of flame misses the adder.
You die...

.......## #.#.†...# .###
##.#.###.# .....#
#......#(# .....#
##..###)#)# ..... #
##.....#...# ...# ##
##..###.#..####...#
.####.....#....###...#####
....'.###.#...+.@S........
.####...#.....####.....##
## ##..#....## #.....# ##
#.....## #.....# .# #...##
#.....# .# ##+## #.....#
###.### .# .## .#


You could see an adder.

Vanquished Creatures
  6 bats (D:1)
  2 endoplasms (D:1)
  A giant cockroach (D:2)
  2 goblins (D:1)
  A hobgoblin (D:1)
  2 kobolds (D:2)
  3 quokkas (D:1)
  4 ball pythons (D:1)
  2 frilled lizards (D:1)
  2 rats
25 creatures vanquished.

Notes
Turn   | Place    | Note
-------+----------+-------------------------------------------
     0 | D:1      | H0rd4k the Human Artificer began the quest for the Orb.
     0 | D:1      | Reached XP level 1. HP: 15/15 MP: 1/1
   388 | D:1      | Reached XP level 2. HP: 21/21 MP: 2/2
   831 | D:1      | Reached skill level 1 in Maces & Flails
   845 | D:1      | Reached XP level 3. HP: 23/26 MP: 3/3
  1727 | D:2      | HP: 1/26 [poisoned by an adder]
  1728 | D:2      | Succumbed to an adder's poison

Illustrated notes

Levels and vault maps discovered:
D:1:      tarquinn_simple_flora_water_a, layout_basic
D:2:      layout_loops_corners, hangedman_abyss_or_decor_stabs,
          amcnicky_mini_pool_small, minmay_close_crescents

Skill      XL: |  1  2 |
---------------+-------+-----
Maces & Flails | 1 |  1.1
Fighting       | |  1.1
Armour         | |  2.4
Dodging        | |  1.4
Stealth        | |  1.4
Evocations     | |  3.2

Action                   || total
-------------------------++-------
Melee: Club              ||    94
Evoke: Wand              ||     3
 Stab: Sleeping          ||     2
Armor: Leather armour    ||    48
Dodge: Dodged            ||    82
